 Dungeon Crawl Stone Soup version 0.29.0-4-gdea44cf6ec (webtiles) character file.

Game seed: 4707233188712747970

667 qw the Cleaver (level 7, -3/59 HPs)
             Began as a Minotaur Berserker on Sept 4, 2022.
             Was a Priest of Trog.
             Slain by a steam dragon (5 damage)
             ... on level 5 of the Dungeon.
             The game lasted 00:01:40 (4060 turns).

qw the Cleaver (Minotaur Berserker)                 Turns: 4060, Time: 00:01:40

Health: -3/59      AC:  8    Str: 23    XL:     7   Next: 31%
Magic:  6/6        EV: 13    Int:  4    God:    Trog [***...]
Gold:   266        SH:  8    Dex: 10    Spells: 6/6 levels left

rFire   + . .      SeeInvis .   Y - +0 war axe
rCold   + . .      Faith    .   d - +0 kite shield
rNeg    . . .      Spirit   .   k - +2 ring mail {rPois}
rPois   +          Reflect  .   (helmet restricted)
rElec   .          Harm     .   s - scarf {rC+ rF+}
rCorr   .          Rampage  .   (no gloves)
Will    .....                   q - +0 pair of boots
Stlth   ..........              (no amulet)
HPRegen 0.19/turn               m - +4 ring of evasion
MPRegen 0.10/turn               (no ring)

@: about to teleport, weakened, on berserk cooldown, slowed, very slow
A: horns 2, retaliatory headbutt
a: Renounce Religion, Berserk, Trog's Hand


You were on level 5 of the Dungeon.
You worshipped Trog.
Trog was most pleased with you.
You visited 1 branch of the dungeon, and saw 5 of its levels.

You collected 266 gold pieces.


Innate Abilities, Weirdness & Mutations

You have a pair of horns on your head.
You reflexively headbutt those who attack you in melee.


   Skills:
 - Level 4.2 Fighting
 - Level 8.4 Axes
 - Level 1.0 Throwing
 - Level 2.4 Armour
 - Level 2.1 Dodging
 + Level 5.0 Shields


You had 6 spell levels left.
You didn't know any spells.
Your spell library was empty.

Inventory:

Hand Weapons
 h - a +0 morningstar
 Y - a +0 war axe (weapon)
Armour
 d - a +0 kite shield (worn)
 k - a +2 ring mail of poison resistance (worn)
 n - a +0 chain mail
 q - a +0 pair of boots (worn)
 s - a scarf of resistance (worn)
Jewellery
 g - a ring of ice
 m - a +4 ring of evasion (left hand)
Scrolls
 i - 2 scrolls of identify
 u - a scroll of brand weapon {unknown}
Potions
 a - a potion of flight {unknown}
 b - a potion of curing {unknown}
 c - a potion of haste {unknown}
 e - 3 potions of heal wounds
 f - a potion of magic {unknown}
 j - a potion of lignification {unknown}
 o - a potion of mutation {unknown}
 r - a potion of brilliance {unknown}
 t - a potion of might {unknown}

Dungeon Overview and Level Annotations

Branches:
Dungeon (5/15)             Temple (0/1) D:4

Altars:
Sif Muna
Trog
Uskayaw
Wu Jian
Xom

Annotations:
D:5 Prince Ribbit


Message History

The steam dragon bites you. The steam dragon misses you.
The gnoll bouda closely misses you.
Prince Ribbit blinks!
The gnoll hits you but does no damage. You block the gnoll's attack.
You hit the gnoll.
The gnoll is heavily wounded.
You barely miss the gnoll bouda. You hit the steam dragon.
You barely miss the gnoll. The gnoll misses you.
The gnoll bouda barely misses you. You furiously retaliate!
You headbutt the gnoll bouda, but do no damage.
You block the steam dragon's attack.
The steam dragon claws you but does no damage.
The gnoll hits you but does no damage. You block the gnoll's attack.
The gnoll hits you but does no damage.
The gnoll bouda hits you with a +0 club.
The steam dragon bites you. You block the steam dragon's attack.
The gnoll closely misses you. You furiously retaliate!
You headbutt the gnoll. You slash the gnoll!
You kill the gnoll!
Trog accepts your kill.
You hit the gnoll bouda.
You hit the steam dragon but do no damage.
You slash the gnoll!
The gnoll hits you from afar with a +0 spear.
You block the gnoll bouda's attack. The steam dragon breathes steam at you.
The ball of steam misses you. The gnoll barely misses you.
You block the gnoll's attack. The steam dragon closely misses you.
You furiously retaliate!
You headbutt the steam dragon.
The steam dragon claws you but does no damage.
The gnoll bouda closely misses you.
4060 ||| READING scroll of teleportation.
As you read the scroll of teleportation, it crumbles to dust.
You feel strangely unstable. The gnoll misses you. You furiously retaliate!
You headbutt the gnoll, but do no damage.
You block the gnoll's attack.
The gnoll bouda hits you with a +0 club!
The steam dragon bites you.
You die...

~#.##.....
##.###.### (. .##
##.##.... .. ....
.......### #. ...#
.##.##.# #.#...####
.##.##.# ..#.....
.......# #.#...
######.## ####%#D##
#..####...g@[.#
##.....F.##ยค#g##
#...#..####g#h##
##.#.##....lh.h.#
####.......>......##
........##...##.#.#
##....#....#.##.#.#
##.....####..#.#.#
#.....# ##...#.#


You could see Prince Ribbit, a steam dragon (catching breath), a gnoll bouda, an
iguana, 2 gnolls and 3 jackals.

Vanquished Creatures
  A steam dragon (D:5)
  2 phantoms
  A necrophage (D:5)
  An iguana (D:4)
  2 orc wizards (D:5)
  Ijyb (D:3)
  7 gnolls
  4 adders
  A worm (D:4)
  3 dart slugs
  13 orcs
  12 ball pythons
  9 endoplasms
  7 giant cockroaches
  7 hobgoblins
  5 jackals (D:2)
  3 quokkas
  10 bats
  4 frilled lizards
  6 goblins
  7 kobolds
  5 rats
111 creatures vanquished.

Vanquished Creatures (others)
  A fungus (D:1)
  4 plants
5 creatures vanquished.

Grand Total: 116 creatures vanquished

Notes
Turn   | Place    | Note
-------+----------+-------------------------------------------
     0 | D:1      | qw the Minotaur Berserker began the quest for the Orb.
     0 | D:1      | Reached XP level 1. HP: 19/19 MP: 0/0
     0 | D:1      | 0 ||| qw: Version: 0.1-a-103-gd6f5d3a
     0 | D:1      | 0 ||| qw: Game counter: 5499
     0 | D:1      | 0 ||| qw: Always use a shield: true
     0 | D:1      | 0 ||| qw: Do Orc after D:15 true
     0 | D:1      | 0 ||| qw: Do second Lair branch before Depths: true
     0 | D:1      | 0 ||| qw: Lair rune preference: random
     0 | D:1      | 0 ||| qw: Plans: Normal
     0 | D:1      | 0 ||| PLANNING D:1-11
    46 | D:1      | 46 ||| Stepping ~*~*~tactically~*~*~ (stealth).
    51 | D:1      | 51 ||| Stepping ~*~*~tactically~*~*~ (stealth).
    64 | D:1      | 64 ||| Stepping ~*~*~tactically~*~*~ (stealth).
    68 | D:1      | 68 ||| Stepping ~*~*~tactically~*~*~ (stealth).
    81 | D:1      | 81 ||| Stepping ~*~*~tactically~*~*~ (stealth).
    82 | D:1      | 82 ||| Stepping ~*~*~tactically~*~*~ (stealth).
    88 | D:1      | Reached skill level 4 in Axes
   144 | D:1      | Reached XP level 2. HP: 18/26 MP: 1/1
   235 | D:1      | 235 ||| Stepping ~*~*~tactically~*~*~ (stealth).
   241 | D:1      | 241 ||| Stepping ~*~*~tactically~*~*~ (stealth).
   258 | D:1      | 258 ||| Stepping ~*~*~tactically~*~*~ (stealth).
   270 | D:1      | 270 ||| Stepping ~*~*~tactically~*~*~ (stealth).
   273 | D:1      | 273 ||| Stepping ~*~*~tactically~*~*~ (stealth).
   276 | D:1      | 276 ||| Stepping ~*~*~tactically~*~*~ (stealth).
   277 | D:1      | 277 ||| Stepping ~*~*~tactically~*~*~ (stealth).
   285 | D:1      | 285 ||| Stepping randomly (stuck).
   297 | D:1      | 297 ||| Stepping ~*~*~tactically~*~*~ (stealth).
   410 | D:1      | 410 ||| Stepping ~*~*~tactically~*~*~ (stealth).
   415 | D:1      | 415 ||| Stepping ~*~*~tactically~*~*~ (stealth).
   427 | D:1      | Reached ** piety under Trog
   569 | D:1      | Reached skill level 5 in Axes
   608 | D:1      | 608 ||| Stepping ~*~*~tactically~*~*~ (stealth).
   610 | D:1      | 610 ||| Stepping ~*~*~tactically~*~*~ (hiding).
   622 | D:1      | Reached XP level 3. HP: 31/31 MP: 2/2
   688 | D:1      | 688 ||| Stepping ~*~*~tactically~*~*~ (stealth).
   689 | D:1      | 689 ||| Stepping ~*~*~tactically~*~*~ (stealth).
   742 | D:1      | 742 ||| Stepping ~*~*~tactically~*~*~ (stealth).
   744 | D:1      | 744 ||| Stepping ~*~*~tactically~*~*~ (stealth).
   745 | D:1      | 745 ||| Stepping ~*~*~tactically~*~*~ (stealth).
   836 | D:1      | 836 ||| DROPPING +0 club.
   838 | D:1      | Found a faded altar of an unknown god.
  1197 | D:1      | 1197 ||| READING 2 scrolls labelled HAV YNGATU.
  1198 | D:1      | 1198 ||| DROPPING scroll of blinking.
  1379 | D:2      | Reached skill level 1 in Throwing
  1432 | D:2      | 1432 ||| Stepping ~*~*~tactically~*~*~ (stealth).
  1435 | D:2      | 1435 ||| Stepping ~*~*~tactically~*~*~ (stealth).
  1618 | D:2      | Reached XP level 4. HP: 38/39 MP: 3/3
  1743 | D:2      | Found a hide-covered altar of Uskayaw.
  1879 | D:2      | 1879 ||| Stepping ~*~*~tactically~*~*~ (stealth).
  1880 | D:2      | 1880 ||| Stepping ~*~*~tactically~*~*~ (stealth).
  1899 | D:2      | 1899 ||| Stepping ~*~*~tactically~*~*~ (stealth).
  1904 | D:2      | 1904 ||| Stepping ~*~*~tactically~*~*~ (stealth).
  1913 | D:2      | Reached skill level 6 in Axes
  1957 | D:2      | 1957 ||| SWAPPING to +0 war axe.
  1958 | D:2      | 1958 ||| DROPPING +0 hand axe.
  2059 | D:2      | 2059 ||| UPGRADING to +0 buckler.
  2064 | D:2      | 2064 ||| UPGRADING to +0 chain mail.
  2074 | D:2      | 2074 ||| DROPPING +0 animal skin.
  2075 | D:2      | 2075 ||| UPGRADING to +0 pair of boots.
  2080 | D:2      | 2080 ||| UPGRADING to +4 ring of evasion.
  2081 | D:2      | 2081 ||| READING scroll labelled ASKA DOEPA.
  2082 | D:2      | 2082 ||| READING 2 scrolls labelled NEYR DABOE.
  2083 | D:2      | 2083 ||| DRINKING 3 white potions.
  2084 | D:2      | 2084 ||| DRINKING 2 viscous emerald potions.
  2085 | D:2      | 2085 ||| DROPPING potion of degeneration.
  2111 | D:3      | 2111 ||| Stepping ~*~*~tactically~*~*~ (stealth).
  2114 | D:3      | 2114 ||| Stepping ~*~*~tactically~*~*~ (stealth).
  2119 | D:3      | 2119 ||| Stepping ~*~*~tactically~*~*~ (stealth).
  2123 | D:3      | Reached skill level 1 in Shields
  2124 | D:3      | 2124 ||| Stepping ~*~*~tactically~*~*~ (stealth).
  2128 | D:3      | Reached *** piety under Trog
  2208 | D:3      | 2208 ||| Stepping ~*~*~tactically~*~*~ (stealth).
  2230 | D:3      | 2230 ||| Stepping ~*~*~tactically~*~*~ (stealth).
  2231 | D:3      | 2231 ||| Stepping ~*~*~tactically~*~*~ (stealth).
  2232 | D:3      | 2232 ||| Stepping ~*~*~tactically~*~*~ (stealth).
  2233 | D:3      | 2233 ||| Stepping ~*~*~tactically~*~*~ (stealth).
  2239 | D:3      | 2239 ||| Stepping ~*~*~tactically~*~*~ (stealth).
  2242 | D:3      | Noticed Ijyb
  2243 | D:3      | 2243 ||| Stepping ~*~*~tactically~*~*~ (hiding).
  2245 | D:3      | 2245 ||| INVOKING Berserk.
  2248 | D:3      | Killed Ijyb
  2536 | D:3      | Found a shimmering altar of Xom.
  2539 | D:3      | Found a bloodstained altar of Trog.
  2543 | D:3      | Found an ornate altar of the Wu Jian Council.
  2636 | D:3      | Found a shimmering blue altar of Sif Muna.
  2649 | D:3      | 2649 ||| DROPPING +0 whip.
  2738 | D:3      | Reached XP level 5. HP: 45/45 MP: 4/4
  2871 | D:3      | 2871 ||| UPGRADING to scarf of resistance.
  2876 | D:3      | 2876 ||| READING scroll labelled CEENAD GOVALAA.
  2877 | D:3      | 2877 ||| READING scroll labelled KEHO ERGHODWOCH.
  2964 | D:4      | 2964 ||| Stepping ~*~*~tactically~*~*~ (stealth).
  2966 | D:4      | 2966 ||| Stepping ~*~*~tactically~*~*~ (hiding).
  2967 | D:4      | 2967 ||| Stepping ~*~*~tactically~*~*~ (hiding).
  2968 | D:4      | 2968 ||| INVOKING Berserk.
  3130 | D:4      | Reached skill level 7 in Axes
  3193 | D:4      | 3193 ||| Stepping ~*~*~tactically~*~*~ (stealth).
  3223 | D:4      | 3223 ||| FLEEEEING.
  3224 | D:4      | 3224 ||| FLEEEEING.
  3225 | D:4      | 3225 ||| FLEEEEING.
  3226 | D:4      | 3226 ||| FLEEEEING.
  3227 | D:4      | 3227 ||| FLEEEEING.
  3228 | D:4      | 3228 ||| FLEEEEING.
  3229 | D:4      | 3229 ||| FLEEEEING.
  3282 | D:4      | 3282 ||| DROPPING +0 flail.
  3319 | D:4      | Found a hide-covered altar of Uskayaw.
  3410 | D:4      | 3410 ||| INVOKING Berserk.
  3420 | D:4      | 3420 ||| STAIRDANCE
  3522 | D:3      | 3522 ||| UPGRADING to +2 ring mail of poison resistance.
  3532 | D:3      | 3532 ||| READING scroll labelled YCLORPH YLAZ.
  3565 | D:4      | Found a staircase to the Ecumenical Temple.
  3579 | D:4      | Noticed a phantom
  3595 | D:4      | Killed a phantom
  3596 | D:4      | Reached XP level 6. HP: 46/52 MP: 5/5
  3718 | D:4      | 3718 ||| UPGRADING to +0 kite shield.
  3728 | D:4      | 3728 ||| DROPPING +0 buckler.
  3729 | D:4      | 3729 ||| READING scroll labelled UXANERE SINUR.
  3757 | D:5      | Entered Level 5 of the Dungeon
  3766 | D:5      | 3766 ||| INVOKING Berserk.
  3770 | D:5      | Reached skill level 3 in Shields
  3773 | D:5      | Reached **** piety under Trog
  4036 | D:5      | Noticed Prince Ribbit
  4038 | D:5      | 4038 ||| INVOKING Berserk.
  4049 | D:5      | Noticed a steam dragon
  4050 | D:5      | Noticed a steam dragon
  4053 | D:5      | Reached XP level 7. HP: 31/59 MP: 6/6
  4055 | D:5      | Killed a steam dragon
  4056 | D:5      | Reached skill level 8 in Axes
  4059 | D:5      | HP: 9/59 [gnoll/+0 spear[a gnoll bouda] (6)]
  4060 | D:5      | 4060 ||| READING scroll of teleportation.
  4060 | D:5      | HP: 2/59 [gnoll bouda/+0 club (7)]
  4060 | D:5      | Slain by a steam dragon

Levels and vault maps discovered:
D:1:      dpeg_arrival_rooms_c, layout_loops_ring,
          shapermc_ecumenical_altar_rom_forum, chequers_serial_rivers_small_b,
          minmay_surrounded
D:2:      layout_basic, basic_altar
D:3:      layout_loops_cross, lemuel_crystal_altar,
          grunt_temple_overflow_diamond, kennysheep_decorative_pillar,
          chequers_serial_rivers_micro_a, kennysheep_generic_room_13, uniq_ijyb
D:4:      layout_rooms, old_standard_altar, minmay_temple_entry_overgrown,
          corexii_item_surrounded_by_moat
D:5:      kennysheep_steamy, layout_rooms, serial_bayou, serial_bayou_shore_b,
          serial_bayou_pond_a, serial_bayou_ford_a, serial_bayou_shore_a,
          serial_bayou_lagoon_a, serial_bayou_pond_a, kennysheep_generic_room_5,
          uniq_prince_ribbit1

Skill      XL: |  1  2  3  4  5  6  7 |
---------------+----------------------+-----
Axes           | 4 5 6 7 8 |  8.4
Throwing       | 1 |  1.0
Shields        | 2 5 |  5.0
Fighting       | 4 |  4.2
Armour         | |  2.4
Dodging        | |  2.1

Action                   |  1- 3 |  4- 6 |  7- 9 || total
-------------------------+-------+-------+-------++-------
Melee: Hand axe          |   103 |    10 |       ||   113
       Headbutt          |    15 |    18 |       ||    33
       War axe           |       |   116 |     7 ||   123
Throw: Javelin           |     8 |    30 |       ||    38
Invok: Berserk           |       |     5 |       ||     5
  Use: Scroll            |     1 |     6 |     1 ||     8
       Potion            |       |     2 |       ||     2
Armor: Animal skin       |    21 |     1 |       ||    22
       Chain mail        |       |    16 |       ||    16
       Ring mail         |       |    10 |    10 ||    20
Dodge: Dodged            |    72 |    45 |    25 ||   142
Block: Buckler           |       |     9 |       ||     9
       Kite shield       |       |    12 |    16 ||    28

Table legend:
 A = Non-vault XP
 B = Vault XP
 C = Vault XP percentage of total XP
 D = Non-vault monster count
 E = Vault monster count
 F = Vault count percentage of total count
                 A         B        C        D         E       F
            +---------+---------+-------+---------+---------+-------
      Total |     717 |     237 |  24.8 |     100 |      11 |   9.9
            +---------+---------+-------+---------+---------+-------
        D:1 |      48 |      15 |  23.8 |      28 |       8 |  22.2
        D:2 |      58 |       0 |   0.0 |      21 |       0 |   0.0
        D:3 |      45 |      35 |  43.8 |      19 |       2 |   9.5
        D:4 |     263 |       0 |   0.0 |      22 |       0 |   0.0
        D:5 |     303 |     187 |  38.2 |      10 |       1 |   9.1
            +---------+---------+-------+---------+---------+-------
